 Dungeon Crawl Stone Soup version 0.22.0-2-ge58baed0e8 (webtiles) character file.

28 Esekla the Cutter (level 3, 0/27 HPs)
             Began as a Vampire Warper on Aug 13, 2018.
             Succumbed to a worker ant's poison
             ... on level 2 of the Dungeon.
             The game lasted 00:09:18 (703 turns).

Esekla the Cutter (Vampire Warper)                   Turns: 703, Time: 00:09:19

Health: 0/27       AC:  4    Str: 10    XL:     3   Next: 0%
Magic:  1/6        EV: 18    Int: 15    God:
Gold:   11         SH:  0    Dex: 19    Spells: 2/6 levels left

rFire    . . .     SeeInvis +   a - +0 short sword
rCold    . . .     Gourm    .   (no shield)
rNeg     + . .     Faith    .   b - +0 leather armour
rPois    .         Spirit   .   (no helmet)
rElec    .         Reflect  .   g - +0 cloak
rCorr    .         Harm     .   (no gloves)
MR       .....                  (no boots)
Stlth    ++........             (no amulet)
HPRegen  0.09/turn              (no ring)
MPRegen  0.10/turn              (no ring)

@: agile, lethally poisoned (0 -> -14), shrouded
A: fangs 3, see invisible, unbreathing
a: Bat Form


You were on level 2 of the Dungeon.
You were not thirsty.

You visited 1 branch of the dungeon, and saw 2 of its levels.

You collected 11 gold pieces.

Inventory:

Hand Weapons
 a - a +0 short sword (weapon)
Missiles
 e - 5 tomahawks of dispersal
 i - 26 stones (quivered)
Armour
 b - a +0 leather armour (worn)
 g - a +0 cloak (worn)
Scrolls
 c - a scroll of magic mapping {unknown}
 d - a scroll of blinking
 k - a scroll of teleportation {unknown}
 m - a scroll of enchant armour {unknown}
Potions
 f - 12 potions of blood
 h - a potion of heal wounds {unknown}
 j - a potion of agility
 l - a potion of brilliance {unknown}


   Skills:
 + Level 2.3 Fighting
 + Level 3.0 Short Blades
 + Level 0.7 Throwing
 * Level 0.8 Armour
 + Level 2.6 Dodging
 - Level 2.0 Spellcasting
 + Level 2.4 Translocations


You had 2 spell levels left.
You knew the following spells:

 Your Spells              Type           Power        Failure   Level  Hunger
a - Shroud of Golubria    Chrm/Tloc      #.........   28%         2    ###....
b - Blink                 Tloc           N/A          17%         2    ###....

Your spell library contained the following spells:

 Spells                   Type           Power        Failure   Level  Hunger
 Teleport Other           Tloc           #.......     34%         3    ###....
 Passage of Golubria      Tloc           N/A          75%         4    #####..
 Gell's Gravitas          Tloc           #.........   34%         3    ###....
 Lesser Beckoning         Tloc           #.........   34%         3    ###....


Dungeon Overview and Level Annotations

Branches:
Dungeon (2/15)

Altars:


Innate Abilities, Weirdness & Mutations

You have razor-sharp teeth.
You have supernaturally acute eyesight. (SInv)
You can survive without breathing.


Message History

You barely miss the worker ant. Your bite misses the worker ant.
The worker ant is lightly wounded.
Your shroud bends the worker ant's attack away.
Yummy - fresh blood!
* * * LOW HITPOINT WARNING * * *
You feel sick. The worker ant misses you.
You don't have enough magic at the moment.
You closely miss the worker ant.
The worker ant is lightly wounded.
The worker ant barely misses you.
You closely miss the worker ant.
The worker ant is lightly wounded.
* * * LOW HITPOINT WARNING * * *
You feel sick. The worker ant bites you.
* * * LOW HITPOINT WARNING * * *
You are more poisoned.
The worker ant poisons you! The worker ant barely misses you.
It was a potion of agility.
You feel agile all of a sudden.
You die...

#.# #.# #.#
#.# #.# ##
#.# ... #.#
.... #@#
..... #a#
......#S####
...........#
...........#
...........#
...........#
.$.....(...#
......<....#


You could see a worker ant and a ball python.

Vanquished Creatures
  A giant cockroach (D:1)
  A goblin (D:1)
  9 hobgoblins (D:1)
  4 jackals (D:1)
  2 bats (D:1)
  2 kobolds (D:1)
  6 rats (D:1)
25 creatures vanquished.

Vanquished Creatures (others)
  7 toadstools (D:1)
7 creatures vanquished.

Grand Total: 32 creatures vanquished

Notes
Turn   | Place    | Note
-------+----------+-------------------------------------------
     0 | D:1      | Esekla the Vampire Warper began the quest for the Orb.
     0 | D:1      | Reached XP level 1. HP: 16/16 MP: 3/3
   252 | D:1      | Reached XP level 2. HP: 11/22 MP: 5/5
   474 | D:1      | Reached skill level 3 in Short Blades
   480 | D:1      | Reached XP level 3. HP: 9/27 MP: 6/6
   499 | D:1      | Learned a level 2 spell: Shroud of Golubria
   502 | D:1      | Learned a level 2 spell: Blink
   702 | D:2      | HP: 1/27 [worker ant (3)]
   703 | D:2      | Succumbed to a worker ant's poison

Skill      XL: |  1  2 |
---------------+-------+-----
Fighting       | 2 |  2.3
Short Blades   | 3 |  3.0
Throwing       | |  0.7
Armour         | |  0.8
Dodging        | |  2.6
Spellcasting   | |  2.0
Translocations | |  2.4

Action                   || total
-------------------------++-------
Melee: Short sword       ||    96
       Bite              ||     7
Throw: Stone             ||    11
 Cast: Shroud of Golubri ||     2
       Blink             ||     1
  Use: Potion            ||     2
Armor: Leather armour    ||    32
Dodge: Dodged            ||    87
